 Dungeon Crawl Stone Soup version 0.20-a0-870-g4070442 (webtiles) character file.

487 4thArraOfDagon the Ruffian (level 6, -2/47 HPs)
             Began as a Demonspawn Chaos Knight on Mar 13, 2017.
             Succumbed to a scorpion's poison
             ... in an ossuary.
             The game lasted 00:05:12 (1496 turns).

4thArraOfDagon the Ruffian (DsCK)                   Turns: 1496, Time: 00:05:13

Health: -2/47      AC: 12    Str: 13 (15) XL:     6   Next: 89%
Magic:  6/6        EV:  3    Int: 15      God:    Xom [*.....]
Gold:   57         SH:  0    Dex: 10 (12) Spells: 5/5 levels left

rFire    . . .     SeeInvis .     - Unarmed
rCold    . . .     Gourm    .   h - +0 plate armour
rNeg     . . .     Faith    .   (no shield)
rPois    .         Spirit   .   (helmet restricted)
rElec    .         Reflect  .   (no cloak)
rCorr    .         Harm     .   (no gloves)
MR       +....                  (no boots)
Stlth    ..........             (no amulet)
Regen    0.2/turn               (no ring)
MPRegen  0.1/turn               (no ring)

@: lethally poisoned (-2 -> -49), about to teleport
A: antennae 1, slimy green scales 1, deterioration 1, magic resistance 1, strong
1, rot immunity
a: Renounce Religion


You were in an ossuary.
You worshipped Xom.
You were a special plaything of Xom.
You were not hungry.

You visited 1 branch of the dungeon, and saw 6 of its levels.
You also visited: Ossuary.

You collected 57 gold pieces.

Inventory:

Armour
 a - a +2 leather armour
 h - a +0 plate armour (worn)
Scrolls
 c - a scroll of identify
 k - a scroll of teleportation
Potions
 e - 2 potions of flight
 f - a potion of might
Comestibles
 b - 2 bread rations
 d - 3 meat rations


   Skills:
 - Level 3.0 Fighting
 - Level 1.7 Armour
 - Level 1.1 Dodging
 * Level 7.1 Unarmed Combat


You had 5 spell levels left.
You didn't know any spells.

Dungeon Overview and Level Annotations

Branches:
Dungeon (6/15)
 Temple: D:4-7

Altars:
Cheibriados
Kikubaaqudgha
Makhleb
Uskayaw
Yredelemnul
Zin


Innate Abilities, Weirdness & Mutations

You are partially covered in slimy green scales. (AC +2)
You are immune to rotting.
You have a pair of small antennae on your head.
Your body sometimes deteriorates upon taking damage.
You are resistant to hostile enchantments. (MR+)
Your muscles are strong. (Str +2)


Message History

* * * LOW HITPOINT WARNING * * *
Your body deteriorates!
You feel weakened.
Okay, then.
As you read the scroll of teleportation, it crumbles to dust.
You feel strangely unstable.
* * * LOW HITPOINT WARNING * * *
You feel very sick. Something stings you.
* * * LOW HITPOINT WARNING * * *
You are more poisoned.
Something poisons you!
* * * LOW HITPOINT WARNING * * *
You feel very sick.
An arrow hits something!
Something stings you.
* * * LOW HITPOINT WARNING * * *
You are more poisoned.
Something poisons you!
Unknown command.
You die...
Xom guffaws!

#...#...#
#...8...#
#.......#
##8...8##
#..Z....#
#§§.8...#
#§.{#...#
##+###### +##
#@.§#...#...#
#.§{ZZ..8...#
#...#.......#
######8...8##
#.!M#.......#
#!..#...8...#
#!.?#...#...#
##+##########


You could see a mummy and 2 human zombies.

Vanquished Creatures
  Grinder (D:3)
  A centaur (D:6)
  A hound (D:3)
  Natasha (D:4)
  A worker ant (D:4)
  A hound skeleton (D:4)
  A howler monkey skeleton (D:6)
  An adder (D:3)
  An ooze (Ossuary)
  2 leopard geckos (D:1)
  2 orcs
  3 bats
  A giant cockroach (D:1)
  A goblin (D:3)
  2 hobgoblins (D:3)
  9 jackals
  2 kobolds
  A quokka (D:4)
  A goblin zombie (Ossuary)
  A kobold zombie (Ossuary)
  3 rats
  A spectral orc (D:4)
38 creatures vanquished.

Vanquished Creatures (collateral kills)
  2 scorpions
  A jackal (D:6)
  A kobold zombie (Ossuary)
4 creatures vanquished.

Grand Total: 42 creatures vanquished

Notes
Turn   | Place    | Note
-------+----------+-------------------------------------------
     0 | D:1      | 4thArraOfDagon the Demonspawn Chaos Knight began the quest for the Orb.
     0 | D:1      | Reached XP level 1. HP: 18/18 MP: 1/1
    31 | D:1      | Reached skill level 1 in Dodging
    87 | D:1      | Reached skill level 3 in Unarmed Combat
   131 | D:1      | Gained mutation: You are partially covered in slimy green scales. (AC +2) [demonic ancestry]
   131 | D:1      | Reached XP level 2. HP: 21/24 MP: 2/2
   361 | D:3      | Noticed Grinder
   368 | D:3      | Paralysed by Grinder for 5 turns
   383 | D:3      | XOM: potion effect (agility)
   384 | D:3      | XOM: potion effect (invisibility)
   386 | D:3      | Killed Grinder
   386 | D:3      | Reached skill level 5 in Unarmed Combat
   386 | D:3      | Reached XP level 3. HP: 29/29 MP: 3/3
   386 | D:3      | Reached XP level 4. HP: 35/35 MP: 4/4
   386 | D:3      | Gained mutation: You are immune to rotting. [demonic ancestry]
   386 | D:3      | Reached XP level 5. HP: 41/41 MP: 5/5
   431 | D:2      | Found a snail-covered altar of Cheibriados.
   431 | D:2      | Found a glowing silver altar of Zin.
   431 | D:2      | Found an ancient bone altar of Kikubaaqudgha.
   431 | D:2      | Found a hide-covered altar of Uskayaw.
   538 | D:4      | Reached skill level 6 in Unarmed Combat
   654 | D:4      | XOM: potion effect (brilliance)
   660 | D:3      | Reached XP level 6. HP: 12/47 MP: 6/6
   674 | D:3      | XOM: silly message
   678 | D:3      | XOM: summons friendly iron imp
   956 | D:4      | Found a burning altar of Makhleb.
   973 | D:4      | Found a basalt altar of Yredelemnul.
  1020 | D:4      | Noticed Natasha
  1030 | D:4      | Killed Natasha
  1039 | D:5      | Entered Level 5 of the Dungeon
  1143 | D:6      | XOM: summons 2 friendly demons
  1205 | D:6      | Found a sand-covered staircase.
  1211 | D:6      | Gained mutation: You have a pair of small antennae on your head. [potion of mutation]
  1211 | D:6      | Gained mutation: Your body sometimes deteriorates upon taking damage. [potion of mutation]
  1211 | D:6      | Gained mutation: You are resistant to hostile enchantments. (MR+) [potion of mutation]
  1211 | D:6      | Gained mutation: Your muscles are strong. (Str +2) [potion of mutation]
  1214 | Ossuary  | Entered an ossuary
  1304 | Ossuary  | XOM: mild Air miscast
  1431 | Ossuary  | XOM: cloud trail
  1437 | Ossuary  | XOM: enchant monster (good)
  1441 | Ossuary  | XOM: enchant monster (bad)
  1454 | Ossuary  | Reached skill level 7 in Unarmed Combat
  1467 | Ossuary  | XOM: mild Conj miscast
  1495 | Ossuary  | HP: 1/47 [something (3)]
  1496 | Ossuary  | Succumbed to a scorpion's poison

Vault maps used:
D:1:      ncdulo_wetmaze
D:2:      nicolae_overflow_hidden_temple
D:3:      first_bread, minmay_misc_feat_tiny, uniq_grinder
D:4:      grunt_temple_overflow_opulence, yredelemnul_forgotten_temple_becter,
          makhleb_heckhound_becter, uniq_natasha
D:5:      trog_eyes_of_draining, led_sif_pool, grunt_temple_overflow_open,
          minmay_temple_entry_trees
D:6:      kennysheep_mini_moat, chequers_ossuary_entry_cave,
          minmay_strange_pillars, minmay_misc_feat_ornament, uniq_blork_the_orc
Ossuary:  ossuary_minmay_scorpions

Skill      XL: |  1  2  3  4  5  6 |
---------------+-------------------+-----
Dodging        | 1 |  1.1
Unarmed Combat | 3 5 6 7 |  7.1
Fighting       | |  3.0
Armour         | |  1.7

Action                   |  1- 3 |  4- 6 || total
-------------------------+-------+-------++-------
Melee: Unarmed           |    93 |   108 ||   201
       Punch             |       |     2 ||     2
  Use: Potion            |     3 |     3 ||     6
       Scroll            |       |     9 ||     9
 Stab: Invisible         |       |     2 ||     2
       Paralysed         |       |     5 ||     5
       Petrified         |       |     1 ||     1
  Eat: Royal jelly       |       |     1 ||     1
Armor: Leather armour    |    12 |       ||    12
       Plate armour      |    43 |    68 ||   111
       Skin              |    30 |    10 ||    40
Dodge: Dodged            |    32 |    18 ||    50
